 Dungeon Crawl Stone Soup version 0.24-a0-57-gac335f2 (webtiles) character file.

Game seed: 4411483745313992920

1537 Inarius the Fighter (level 8, -2/69 HPs)
             Began as a Mummy Monk on Feb 3, 2019.
             Slain by an orc warrior
             ... wielding a +0 halberd
              (8 damage)
             ... on level 7 of the Dungeon on Feb 4, 2019.
             The game lasted 00:12:05 (8238 turns).

Inarius the Fighter (Mummy Monk)                    Turns: 8238, Time: 00:12:05

Health: -2/69      AC: 14    Str: 16    XL:     8   Next: 56%
Magic:  8/8        EV: 10    Int: 10    God:
Gold:   353        SH:  0    Dex: 14    Spells: 7/7 levels left

rFire    . . .     SeeInvis .   k - +2 spear (venom)
rCold    . . .     Gourm    .   (no shield)
rNeg     + + +     Faith    .   c - +0 scale mail
rPois    ∞         Spirit   .   i - +2 helmet
rElec    .         Reflect  .   d - +2 cloak
rCorr    .         Harm     .   (no gloves)
MR       +....                  (no boots)
Stlth    ..........             (no amulet)
HPRegen  0.21/turn              e - ring of fire
MPRegen  0.11/turn              (no ring)

@: no status effects
A: no food or potions, fire vulnerability, cold resistance 1, negative energy
resistance 3, torment resistance, unbreathing
a: no special abilities


You were on level 7 of the Dungeon.
You were not hungry.

You visited 1 branch of the dungeon, and saw 7 of its levels.

You collected 353 gold pieces.

Inventory:

Hand Weapons
 a - a +0 hand axe
 g - a +2 dagger of speed
 k - a +2 spear of venom (weapon)
Missiles
 f - 16 tomahawks (quivered)
Armour
 c - a +0 scale mail (worn)
 d - a +2 cloak (worn)
 h - a scarf of cloud immunity
 i - a +2 helmet (worn)
Jewellery
 e - a ring of fire (left hand)
Wands
 j - a wand of random effects (14)
 l - a wand of iceblast (9)
Scrolls
 b - 4 scrolls of identify
 m - a scroll of remove curse
 n - 2 scrolls of noise
 p - a scroll of enchant weapon {unknown}


   Skills:
 * Level 8.7 Fighting
 - Level 2.4 Axes
 - Level 0.4(1.5) Polearms
 + Level 0.7 Throwing
 + Level 5.5 Armour
 - Level 2.4 Dodging
 - Level 1.5 Stealth


You had 7 spell levels left.
You didn't know any spells.
Your spell library was empty.

Dungeon Overview and Level Annotations

Branches:
Dungeon (8/15)               Lair (0/6) D:8
 Temple: D:4-7

Altars:
Elyvilon
Makhleb

Shops:
D:4 :


Innate Abilities, Weirdness & Mutations

You do not eat or drink.
Your flesh is vulnerable to fire.
You are immune to poison.
Your flesh is cold resistant. (rC+)
You are immune to negative energy. (rN+++)
You are immune to unholy pain and torment.
You can survive without breathing.


Message History

The orc is almost dead.
The orc hits you but does no damage.
The orc warrior hits you from afar with a +0 halberd.
You hit the orc.
You kill the orc!
The orc warrior closely misses you.
You are too injured to fight recklessly!
You hit the orc warrior but do no damage.
The orc warrior looks even sicker.
The orc warrior is moderately wounded.
The orc warrior hits you with a +0 halberd.
You hit the orc warrior but do no damage.
The orc warrior is moderately wounded.
The orc warrior completely misses you.
You hit the orc warrior.
The orc warrior is heavily wounded.
The orc warrior hits you with a +0 halberd!
* * * LOW HITPOINT WARNING * * *
The orc warrior hits you from afar with a +0 halberd!
You die...

..........# .........#
........# .......# ..... #.
#..# #############
#..##..####..#........#
......†#.....#........#
......o'.....#..@.....#
.......#.o...#........#
##+##+####...#.o......######
###)###)#######....#
#...oo.........>...#
#..................#
#..................#
#..................#
#######.##..####...#


You could see an orc warrior.

Vanquished Creatures
  Sigmund (D:1)
  A phantom (D:5)
  2 ogres (D:4)
  A centaur (D:5)
  2 scorpions
  2 wights (D:8)
  A crimson imp (D:5)
  A quasit (D:7)
  2 hounds (D:4)
  A bullfrog skeleton (D:4)
  3 orc priests
  5 orc wizards
  3 iguanas
  Terence (D:2)
  Natasha (thrice) (D:2)
  2 worker ants
  A killer bee zombie (D:4)
  4 gnolls
  6 adders
  A shadow imp (D:5)
  An adder skeleton (D:4)
  3 worms
  2 dart slugs (D:2)
  7 leopard geckos
  21 orcs
  6 giant cockroaches
  8 hobgoblins
  13 jackals
  4 quokkas
  5 ball pythons
  6 bats
  2 frilled lizards
  7 goblins
  3 kobolds (D:1)
  A quokka skeleton (D:4)
  11 rats
143 creatures vanquished.

Notes
Turn   | Place    | Note
-------+----------+-------------------------------------------
     0 | D:1      | Inarius the Mummy Monk began the quest for the Orb.
     0 | D:1      | Reached XP level 1. HP: 18/18 MP: 1/1
   191 | D:1      | Reached XP level 2. HP: 15/24 MP: 2/2
   688 | D:1      | Reached skill level 4 in Fighting
  1120 | D:1      | Reached XP level 3. HP: 29/30 MP: 3/3
  1276 | D:2      | Found a burning altar of Makhleb.
  1276 | D:2      | Noticed Sigmund
  1545 | D:2      | Noticed a green death
  1598 | D:2      | Noticed Natasha
  1608 | D:2      | Killed Natasha
  2091 | D:2      | Noticed Natasha
  2104 | D:2      | Killed Natasha
  2104 | D:2      | Reached skill level 5 in Fighting
  2104 | D:2      | Reached XP level 4. HP: 25/39 MP: 4/4
  2334 | D:2      | Noticed Terence
  2631 | D:2      | Killed Terence
  2631 | D:2      | Reached skill level 1 in Armour
  2890 | D:2      | Reached XP level 5. HP: 41/44 MP: 5/5
  4769 | D:2      | Noticed Natasha
  4786 | D:2      | Killed Natasha
  5079 | D:4      | Reached skill level 6 in Fighting
  5079 | D:4      | Reached XP level 6. HP: 33/52 MP: 6/6
  5231 | D:4      | Found Pehesuun's Book Boutique.
  5736 | D:4      | Reached XP level 7. HP: 50/59 MP: 7/7
  6614 | D:4      | Reached skill level 7 in Fighting
  6680 | D:1      | Killed Sigmund
  7026 | D:5      | Entered Level 5 of the Dungeon
  7094 | D:5      | Reached XP level 8. HP: 46/68 MP: 8/8
  7328 | D:5      | Reached skill level 8 in Fighting
  7425 | D:5      | Reached skill level 5 in Armour
  7439 | D:5      | Found a white marble altar of Elyvilon.
  7817 | D:5      | You fall through a shaft for 3 floors!
  8140 | D:7      | Upgraded the game from 0.24-a0-48-g0ecae65 to
                  | 0.24-a0-57-gac335f2
  8238 | D:7      | Slain by an orc warrior

Vault maps used:
D:1:      evilmike_arrival_plus, nrook_campfire
D:2:      makhleb_altar_promises_db, first_ration, serial_co_window_serial,
          co_window_corner_a, co_window_paths_a, co_window_of_opportunity_a,
          co_window_cross_1, co_window_paths_a, co_window_of_opportunity_b,
          co_window_paths_c, co_window_cross_3, co_window_paths_c,
          co_window_broadway_b, co_window_broadway_a, co_window_4corner_a,
          glass_columns_c, glass_columns_a, glass_columns_a, glass_columns_c,
          minmay_pentomino_t2, uniq_sigmund, uniq_terence, uniq_natasha
D:4:      serial_shops, nicolae_shop_crystal
D:5:      kennysheep_spiral_hall, okawaru_gym_becter, elyvilon_altar_4,
          nemelex_dance_club_becter, uniq_pikel
D:7:      minmay_klotski, tgw_trog, ebering_ghost_gozag, uniq_harold
D:8:      lair_entry_dummy, uniq_psyche

Skill      XL: |  1  2  3  4  5  6  7  8 |
---------------+-------------------------+-----
Fighting       | 4 5 6 7 8 |  8.7
Armour         | 1 2 3 4 5 |  5.5
Axes           | |  2.4
Polearms       | |  0.4
Throwing       | |  0.7
Dodging        | |  2.4
Stealth        | |  1.5

Action                   |  1- 3 |  4- 6 |  7- 9 || total
-------------------------+-------+-------+-------++-------
Melee: Hand axe          |    55 |       |       ||    55
       Dagger            |    87 |   407 |   115 ||   609
       Spear             |       |       |   218 ||   218
Throw: Tomahawk          |       |     7 |     3 ||    10
  Use: Scroll            |     4 |     4 |     4 ||    12
 Stab: Sleeping          |     4 |       |       ||     4
Armor: Robe              |    24 |       |       ||    24
       Leather armour    |     7 |    17 |       ||    24
       Scale mail        |       |   121 |   202 ||   323
Dodge: Dodged            |    81 |   162 |   167 ||   410

Table legend:
 A = Non-vault XP
 B = Vault XP
 C = Vault XP percentage of total XP
 D = Non-vault monster count
 E = Vault monster count
 F = Vault count percentage of total count
                 A         B        C        D         E       F
            +---------+---------+-------+---------+---------+-------
      Total |    1899 |     297 |  13.5 |     137 |       6 |   4.2
            +---------+---------+-------+---------+---------+-------
        D:1 |      41 |     220 |  84.3 |      27 |       1 |   3.6
        D:2 |     139 |      73 |  34.4 |      18 |       3 |  14.3
        D:3 |     102 |       0 |   0.0 |      27 |       0 |   0.0
        D:4 |     738 |       0 |   0.0 |      29 |       0 |   0.0
        D:5 |     687 |       4 |   0.6 |      28 |       2 |   6.7
        D:7 |      69 |       0 |   0.0 |       6 |       0 |   0.0
        D:8 |     123 |       0 |   0.0 |       2 |       0 |   0.0
            +---------+---------+-------+---------+---------+-------
